Map: Ephemeron LE

Players

INnoVation - Winner!

  • Race: Terran Terran
  • Spawn Location: 11:00

ShoWTimE

  • Race: Protoss Protoss
  • Spawn Location: 5:00

Event: IEM Katowice 2020

VOD

Have the link to the VOD?

Description

Time

  • Played on: Feb. 29, 2020, 5:12 a.m.
  • Length: 9:03

All games in this series

Show
View Real Time Build Order
Export as new Build Order

INnoVation Terran - Winner!

Build Orders: Reaper Expand, Banshee Rush 

Get SALT Encoding   

  12  0:00  SCV  
  13  0:12  SCV  
  14  0:17  Supply Depot  
  14  0:24  SCV  
  15  0:38  SCV  
  15  0:39  Barracks  
  16  0:44  Refinery  
  16  0:50  SCV  
  17  1:02  SCV  
  18  1:14  SCV  
  19  1:26  Reaper  
  19  1:27  Orbital Command  
  20  1:41  Command Center  
  20  1:49  Supply Depot  
  20  1:52  SCV  
  21  1:58  Marine  
  22  2:04  SCV  
  22  2:08  Factory  
  23  2:12  Refinery  
  23  2:16  SCV  
  23  2:20  Barracks Reactor  
  24  2:23  Bunker  
  24  2:28  SCV  
  25  2:41  SCV  
  26  2:53  SCV, Factory Tech Lab  
  26  2:54  Orbital Command  
  26  2:55  Starport  
  26  2:57  Marine  
  26  2:58  Marine  
  28  3:05  SCV  
  30  3:15  Marine  
  30  3:16  Marine  
  30  3:17  SCV  
  30  3:19  SCV  
  34  3:29  SCV  
  34  3:31  SCV, Supply Depot  
  34  3:32  Marine  
  34  3:34  Marine  
  37  3:37  Cloaking Field, Banshee  
  37  3:38  Factory Tech Lab  
  41  3:44  SCV  
  41  3:45  SCV  
  43  3:50  Marine  
  43  3:51  Marine  
  43  3:54  Supply Depot  
  45  3:57  SCV x2, Siege Tank  
  50  4:08  Marine  
  50  4:09  SCV x2, Marine  
  54  4:10  Supply Depot  
  54  4:20  Banshee  
  57  4:24  SCV x2  
  57  4:27  Supply Depot  
  59  4:37  SCV x2, Siege Tank  
  64  4:38  Marine x2  
  64  4:45  Command Center  
  66  4:50  SCV  
  66  4:51  SCV, Supply Depot  
  68  4:56  Marine x2  
  70  5:03  Barracks  
  70  5:06  SCV  
  70  5:07  SCV  
  70  5:14  Marine x2, Refinery  
  70  5:15  Raven, Refinery  
  70  5:19  Barracks  
  70  5:21  SCV x2  
  76  5:24  Supply Depot  
  74  5:33  SCV x2, Marine x2  
  74  5:34  Engineering Bay x2  
  78  5:42  Bunker  
  78  5:43  Siege Tank  
  73  5:52  SCV x2  
  72  5:59  Orbital Command  
  72  6:01  Barracks x2  
  72  6:04  SCV, Marine  
  73  6:09  Marine  
  73  6:11  Stimpack  
  72  6:12  Starport Reactor  
  70  6:19  SCV x2  
  70  6:21  Terran Infantry Weapons Level 1  
  70  6:24  Factory Reactor  
  70  6:25  Terran Infantry Armor Level 1  
  71  6:27  Marine x2  
  71  6:28  Marine  
  71  6:30  Marine  
  75  6:33  SCV x2  
  75  6:34  SCV  
  78  6:42  Orbital Command  
  78  6:45  Marine x2  
  79  6:47  Marauder  
  79  6:48  Marauder  
  79  6:49  Supply Depot  
  81  6:54  Combat Shield, Barracks Reactor, Barracks Tech Lab  
  81  7:01  Supply Depot, Widow Mine x2  
  85  7:02  Medivac, Supply Depot  
  85  7:03  Marine x2, SCV x2  
  91  7:09  Medivac  
  91  7:14  Marauder x2  
  97  7:16  Marauder  
  97  7:18  SCV x3  
  97  7:20  Marine, Missile Turret  
  97  7:21  Marine, Missile Turret  
  104  7:24  Widow Mine x2  
  104  7:25  Supply Depot  
  108  7:31  SCV x3  
  108  7:33  Armory  
  111  7:41  Marine  
  111  7:42  Marine x3, Marauder x3  
  111  7:43  SCV x2  
  111  7:44  SCV  
  123  7:48  Widow Mine x2  
  127  7:57  SCV x3  
  127  7:58  Refinery  
  130  7:59  Refinery  
  130  8:03  Supply Depot  
  130  8:04  Supply Depot  
  130  8:09  Concussive Shells, Widow Mine  
  130  8:10  Widow Mine  
  134  8:13  Marauder  
  134  8:14  Marauder  
  134  8:15  Marine x3  
  134  8:19  Marine  
  140  8:24  SCV  
  140  8:25  SCV x2, Medivac x2  
  138  8:36  Marauder x2  
  138  8:37  Marine x3, Marauder  
  138  8:39  Widow Mine x2  
  150  8:47  SCV x3  
Show
View Real Time Build Order
Export as new Build Order

ShoWTimE Protoss 

Build Orders: 1 Gate Expand, Blink Stalkers 

Get SALT Encoding   

  12  0:00  Probe  
  13  0:12  Probe  
  14  0:17  Pylon  
  14  0:24  Probe (Chrono Boost)  
  15  0:37  Probe (Chrono Boost), Gateway  
  16  0:44  Probe (Chrono Boost)  
  16  0:45  Assimilator  
  17  0:51  Probe  
  18  1:03  Probe  
  19  1:15  Probe  
  20  1:22  Nexus  
  20  1:31  Cybernetics Core  
  20  1:34  Probe  
  21  1:41  Assimilator  
  21  1:46  Probe  
  22  1:50  Pylon  
  22  1:58  Probe  
  23  2:05  Adept (Chrono Boost)  
  23  2:08  Warp Gate  
  25  2:11  Probe  
  26  2:23  Probe (Chrono Boost)  
  26  2:25  Stalker (Chrono Boost)  
  29  2:32  Twilight Council  
  29  2:34  Probe (Chrono Boost)  
  31  2:41  Probe (Chrono Boost)  
  31  2:43  Probe (Chrono Boost)  
  32  2:48  Probe x2 (Chrono Boost)  
  32  2:49  Stalker  
  36  2:59  Probe  
  36  3:00  Probe  
  38  3:08  Blink (Chrono Boost)  
  38  3:11  Probe  
  38  3:12  Probe  
  40  3:22  Pylon  
  40  3:23  Probe  
  40  3:24  Probe  
  40  3:26  Robotics Facility  
  42  3:35  Probe  
  42  3:36  Probe  
  44  3:48  Probe x2  
  44  3:49  Nexus  
  46  3:56  Pylon, Stalker  
  46  4:01  Probe x2  
  50  4:05  Gateway  
  50  4:09  Gateway  
  50  4:12  Assimilator  
  50  4:13  Probe  
  50  4:16  Probe, Observer (Chrono Boost)  
  53  4:21  Stalker  
  53  4:24  Pylon  
  55  4:25  Probe  
  55  4:28  Probe  
  57  4:37  Forge  
  58  4:42  Pylon  
  58  4:43  Probe x2  
  60  4:46  Immortal  
  60  4:50  Stalker  
  65  4:57  Pylon  
  64  5:04  Stalker x2  
  64  5:06  Probe  
  64  5:07  Probe  
  66  5:14  Shield Battery  
  66  5:15  Charge  
  66  5:16  Stalker  
  66  5:18  Probe  
  66  5:19  Probe x2  
  68  5:27  Zealot  
  68  5:28  Zealot  
  72  5:31  Probe x2  
  74  5:35  Observer  
  74  5:36  Probe  
  74  5:42  Stalker  
  71  5:43  Probe x2  
  71  5:48  Probe (Chrono Boost)  
  67  5:51  Stalker  
  67  5:55  Probe x2 (Chrono Boost)  
  68  5:58  Protoss Ground Armor Level 1 (Chrono Boost)  
  68  6:00  Probe (Chrono Boost)  
  71  6:05  Probe x2 (Chrono Boost)  
  71  6:07  Probe (Chrono Boost)  
  71  6:10  Probe x2 (Chrono Boost)  
  72  6:15  Probe  
  75  6:18  Pylon  
  75  6:21  Probe x2  
  77  6:27  Gateway  
  77  6:28  Gateway  
  77  6:32  Probe  
  78  6:34  Probe  
  78  6:35  Pylon  
  78  6:36  Sentry  
  78  6:38  Probe  
  81  6:44  Probe  
  81  6:49  Probe, Robotics Bay  
  81  6:51  Assimilator  
  81  6:52  Probe  
  83  6:56  Pylon  
  83  6:57  Probe, Assimilator  
  83  7:00  Sentry  
  83  7:01  Assimilator  
  86  7:02  Probe  
  86  7:07  Probe  
  88  7:09  Probe  
  88  7:12  Photon Cannon  
  88  7:14  Probe  
  90  7:17  Gateway  
  90  7:21  Probe  
  91  7:24  Gateway  
  91  7:25  Gateway  
  91  7:26  Probe  
  91  7:27  Pylon  
  91  7:28  Sentry  
  94  7:30  Shield Battery  
  94  7:35  Pylon, Robotics Facility  
  94  7:41  Stalker x3  
  100  7:46  Probe  
  99  7:51  Probe  
  99  7:55  Zealot x2  
  109  8:01  Probe, Colossus (Chrono Boost)  
  110  8:08  Zealot x2  
  110  8:10  Zealot  
  110  8:12  Pylon  
  116  8:15  Shield Battery  
  116  8:17  Pylon  
  116  8:19  Disruptor (Chrono Boost)  
  110  8:22  Zealot  
  110  8:23  Zealot x2  
  110  8:26  Zealot  
  113  8:29  Zealot  
  113  8:32  Zealot x2  
  111  8:36  Zealot  
  105  8:45  Zealot x3  
  105  8:48  Zealot  
  95  8:51  Zealot  
  95  8:53  Zealot x2  
  82  8:57  Zealot  

Tags
 
Add a new tag
Caveats
  • Supply blocks, unpowered buildings, or Contaminate may cause inaccurate times.
  • Supply counts are checked every 10 seconds.